 Dungeon Crawl Stone Soup version 0.30.0-15-g856e2d3f33 (webtiles) character file.

Game seed: 10515702282815553574

6 qw the Trooper (level 1, 14/14 HPs)
             Began as a Gargoyle Berserker on May 20, 2023.
             Was a Follower of Trog.
             Quit the game on level 1 of the Dungeon.
             The game lasted 00:00:09 (238 turns).

qw the Trooper (Gargoyle Berserker)                  Turns: 238, Time: 00:00:10

Health: 14/14      AC:  4    Str: 20    XL:     1   Next: 90%
Magic:  1/1        EV: 11    Int:  7    God:    Trog [*.....]
Gold:   0          SH:  0    Dex:  9    Spells: 0/0 levels left

rFire   . . .        a - +0 hand axe
rCold   . . .        (no shield)
rNeg    + . .        b - +0 animal skin
rPois   inf          (no helmet)
rElec   +            (no cloak)
rCorr   .            (no gloves)
SInv    .            (no boots)
Will    .....        (no amulet)
Stlth   +            (no ring)
HPRegen 0.22/turn    (no ring)
MPRegen 0.07/turn

%: no passive effects
@: no status effects
A: sickness immunity, AC +2, negative energy resistance 1, electricity
resistance, torment resistance 1, petrification resistance
a: Renounce Religion, Berserk


You were on level 1 of the Dungeon.
You worshipped Trog.
Trog was aware of your devotion.
You visited 1 branch of the dungeon, and saw 1 of its levels.


Innate Abilities, Weirdness & Mutations

You are immune to sickness and miasma.
Your stone body is resilient. (AC +2)
You are immune to poison.
You resist negative energy. (rN+)
You are resistant to electric shocks. (rElec)
You are resistant to unholy torment.
You are immune to petrification.


   Skills:
 - Level 3.2 Fighting
 + Level 3.1 Axes
 - Level 2.1 Armour
 - Level 1.5 Dodging


You couldn't memorise any spells.
You didn't know any spells.
Your spell library was empty.

Inventory:

Hand Weapons
 a - a +0 hand axe (weapon)
Armour
 b - a +0 animal skin (worn)

Dungeon Overview and Level Annotations

Branches:
Dungeon (1/15)

Altars:


Message History

You closely miss the frilled lizard.
The frilled lizard unfolds its giant frill.
The frilled lizard bites you but does no damage.
You miss the frilled lizard.
The frilled lizard completely misses you.
The frilled lizard barely misses you.
You hit the frilled lizard.
You kill the frilled lizard!
Trog accepts your kill.
A bat and a ball python come into view.
The ball python hisses angrily.
You closely miss the bat. The bat barely misses you.
The bat closely misses you.
You barely miss the bat. The bat hits you. The bat barely misses you.
The ball python barely misses you. x2
You slash the ball python!
You kill the ball python!
Trog accepts your kill.
You closely miss the bat. The bat closely misses you.
You barely miss the bat. The bat misses you.
You hit the bat.
The bat is moderately wounded.
The bat barely misses you.
You slash the bat!
You kill the bat!
Trog accepts your kill.
Welcome back, qw the Gargoyle Berserker.
Trog says: Kill them all!
Press ? for a list of commands and other information.
Options error: Missing colour in message_colour setting: 'then'
Enter note:
Enter note:
Enter note:
Enter note:
Enter note:
238 ||| PLANNING D:1-11 Are you sure you want to abandon this character and quit the game? (Confirm with "yes".)

#.%......##..#
##.###.......# #.#
#.#####.## #.#
#.#......# ####.#
#.#.####.####..#.
#(.#.###.#.###..........
#........#.#..%######...
#..#######.#.%...#....
##..# #....@.......
#...# #########%..##.#
#..####.... ....#
#..##....# ....#
#..##....# ..###
#..##....# ...
#..##....# ....
#........# ....
#.###....#


There were no monsters in sight!

Vanquished Creatures
  A bat (D:1)
  A giant cockroach (D:1)
  A hobgoblin (D:1)
  A quokka (D:1)
  A ball python (D:1)
  A frilled lizard (D:1)
  A rat (D:1)
7 creatures vanquished.

Notes
Turn   | Place    | Note
-------+----------+-------------------------------------------
     0 | D:1      | qw the Gargoyle Berserker began the quest for the Orb.
     0 | D:1      | Reached XP level 1. HP: 14/14 MP: 1/1
     0 | D:1      | 0 ||| qw: Version: 0.2-a-97-g6b18286
     0 | D:1      | 0 ||| qw: Game counter: 1
     0 | D:1      | 0 ||| qw: Always use a shield: true
     0 | D:1      | 0 ||| qw: Do Orc after D:15 true
     0 | D:1      | 0 ||| qw: Do second Lair branch before Depths: true
     0 | D:1      | 0 ||| qw: Lair rune preference: random
     0 | D:1      | 0 ||| qw: Plans: Normal, Zot:1-4, God:TSO, Crypt, Tomb,
                  | Pan, Slime:5, Hells, Abyss, Win
     0 | D:1      | 0 ||| PLANNING D:1-11
    86 | D:1      | 86 ||| Stepping ~*~*~tactically~*~*~ (stealth).
    88 | D:1      | 88 ||| Stepping ~*~*~tactically~*~*~ (stealth).
    92 | D:1      | 92 ||| INVOKING Berserk.
    95 | D:1      | Reached skill level 3 in Axes
   238 | D:1      | 238 ||| PLANNING D:1-11
   238 | D:1      | Quit the game

Levels and vault maps discovered:
D:1:      lightli_arrival_quake, layout_basic, minmay_heptomino_w4

Skill      XL: |  1 |
---------------+----+-----
Axes           | 3 |  3.1
Fighting       | |  3.2
Armour         | |  2.1
Dodging        | |  1.5

Action                     || total
---------------------------++-------
  Melee: Hand axe          ||    20
 Invoke: Berserk           ||     1
 Armour: Animal skin       ||     3
  Dodge: Dodged            ||    14

Table legend:
 A = Non-vault XP
 B = Vault XP
 C = Vault XP percentage of total XP
 D = Non-vault monster count
 E = Vault monster count
 F = Vault count percentage of total count
                 A         B        C        D         E       F
            +---------+---------+-------+---------+---------+-------
      Total |      11 |       0 |   0.0 |       7 |       0 |   0.0
            +---------+---------+-------+---------+---------+-------
        D:1 |      11 |       0 |   0.0 |       7 |       0 |   0.0
            +---------+---------+-------+---------+---------+-------
